 Dungeon Crawl Stone Soup version 0.29-a0-359-g541a27f54d (webtiles) character file.

Game seed: 12268997005642846884

121 klau3 the Skirmisher (level 5, -2/55 HPs)
             Began as an Ogre Berserker on Apr 27, 2022.
             Was a Believer of Trog.
             Splashed by a jelly's acid (8 damage)
             ... on level 4 of the Dungeon.
             The game lasted 00:10:03 (3177 turns).

klau3 the Skirmisher (Ogre Berserker)               Turns: 3177, Time: 00:10:03

Health: -2/55      AC: -9    Str: 23    XL:     5   Next: 5%
Magic:  5/5        EV: 10    Int:  8    God:    Trog [**....]
Gold:   157        SH:  0    Dex:  8    Spells: 4/4 levels left

rFire   + . .      SeeInvis .   r - +1 hand axe (venom)
rCold   . . .      Faith    .   (no shield)
rNeg    . . .      Spirit   .   b - +0 animal skin
rPois   .          Reflect  .   (helmet restricted)
rElec   .          Harm     .   l - scarf {repulsion}
rCorr   .          Rampage  .   (gloves unavailable)
Will    +....                   (boots unavailable)
Stlth   +.........              (no amulet)
HPRegen 0.18/turn               C - ring of protection from fire
MPRegen 0.09/turn               A - ring of willpower

@: corroded, studying Dodging, repel missiles
A: large, unfitting armour, tough skin 1
a: Renounce Religion, Berserk, Trog's Hand


You were on level 4 of the Dungeon.
You worshipped Trog.
Trog was pleased with you.
You visited 1 branch of the dungeon, and saw 4 of its levels.

You collected 157 gold pieces.

Inventory:

Hand Weapons
 a - a +0 hand axe
 c - a +0 hand axe
 f - a +0 dagger
 k - a +0 whip
 r - a +1 hand axe of venom (weapon)
 w - a +0 hand axe of venom
Missiles
 h - 19 stones (quivered)
Armour
 b - a +0 animal skin (worn)
 d - a +0 robe
 j - a +0 scale mail
 l - a scarf of repulsion (worn)
Magical Staves
 i - a staff of death
 t - a staff of earth
Jewellery
 m - a ring of fire
 A - a ring of willpower (right hand)
 C - a ring of protection from fire (left hand)
Scrolls
 e - 4 scrolls of teleportation
 g - 2 scrolls of fog {unknown}
 q - 2 scrolls of magic mapping
 s - a scroll of brand weapon {unknown}
 u - a scroll of blinking {unknown}
 v - a scroll of silence
 y - a scroll of enchant armour {unknown}
 B - 2 scrolls of vulnerability {unknown}
Potions
 n - 3 potions of heal wounds {unknown}
 o - a potion of degeneration {unknown}
 p - 2 potions of cancellation {unknown}
 x - a potion of brilliance {unknown}
 z - a potion of curing {unknown}


   Skills:
 + Level 4.9 Fighting
 + Level 4.1 Axes
 + Level 4.1 Dodging
 + Level 0.3 Stealth


You had 4 spell levels left.
You didn't know any spells.
Your spell library contained the following spells:

 Spells                   Type           Power      Damage    Failure   Level
 Animate Skeleton         Necr           0%         N/A       41%         1
 Pain                     Necr           0%         1d4       41%         1
 Gell's Gravitas          Tloc           0%         N/A       78%         3
 Lesser Beckoning         Tloc           0%         N/A       78%         3
 Teleport Other           Tloc           0%         N/A       78%         3
 Vampiric Draining        Necr           0%         2d6       78%         3
 Olgreb's Toxic Radiance  Pois           0%         N/A       99%         4
 Malign Gateway           Summ/Tloc      0%         N/A       100%        7
 Ozocubu's Refrigeration  Ice            0%         4d5       100%        7
 Ignition                 Fire           0%         3d3       100%        8
 Summon Horrible Things   Summ           0%         N/A       100%        8


Dungeon Overview and Level Annotations

Branches:
Dungeon (4/15)
 Temple: D:4-7

Altars:


Innate Abilities, Weirdness & Mutations

You are too large for most types of armour.
You have tough skin. (AC +1)


Message History

There is a stone staircase leading down here.
HP restored.
There is an open door here.
Things that are here:
a +0 leather armour; a +0 club; an orc corpse You remove your ring of fire.
C - a ring of protection from fire (left hand)
There is an open door here.
Things that are here:
a +0 leather armour; a +0 club; an orc corpse
There is a stone staircase leading down here.
You climb downwards.
The jelly barely misses you. The orc hits you with a +0 short sword.
There is a stone staircase leading up here.
You hit the orc but do no damage. You hit the jelly.
Your hands burn!
The jelly closely misses you. The orc barely misses you.
You hit the orc.
The orc is poisoned.
The orc is almost dead.
You hit the jelly but do no damage.
The jelly is poisoned.
The acid corrodes you!
Your hands burn!
You kill the orc!
Trog accepts your kill. The jelly hits you. The acid corrodes you!
You are splashed with acid!
The orc priest begins to cast a cantrip, but forgets the words!
You hit the jelly but do no damage.
The jelly looks as sick as possible!
Your hands burn!
The jelly is lightly wounded.
The jelly hits you.
You are splashed with acid!
You hit the jelly.
The jelly looks as sick as possible!
Your hands burn!
* * * LOW HITPOINT WARNING * * *
The jelly is severely wounded.
You closely miss the orc priest. The jelly hits you.
* * * LOW HITPOINT WARNING * * *
The acid corrodes you!
You are splashed with acid!
* * * LOW HITPOINT WARNING * * *
The orc priest closely misses you. The jelly hits you.
* * * LOW HITPOINT WARNING * * *
You are splashed with acid!
You die...

.. #...##...#
..#####.##...=#
#..#.......)..#
#............#
#............#
#..........#
#..........#
##..o)....####.
###...@).........#
.......J......#####
####..........#
#..........#
#..........#
##...........
#..........###
...........##
.............


You could see a jelly (extremely poisoned) and an orc priest.

Vanquished Creatures
  3 adders (D:2)
  2 worms
  3 dart slugs
  6 orcs
  6 endoplasms
  12 giant cockroaches
  4 goblins
  3 hobgoblins
  7 jackals (D:1)
  2 kobolds
  5 quokkas
  5 ball pythons
  4 bats
  2 frilled lizards
  2 rats (D:2)
66 creatures vanquished.

Vanquished Creatures (others)
  11 plants (D:4)
11 creatures vanquished.

Grand Total: 77 creatures vanquished

Notes
Turn   | Place    | Note
-------+----------+-------------------------------------------
     0 | D:1      | klau3 the Ogre Berserker began the quest for the Orb.
     0 | D:1      | Reached XP level 1. HP: 24/24 MP: 1/1
   214 | D:1      | Reached XP level 2. HP: 12/32 MP: 2/2
   453 | D:1      | Reached XP level 3. HP: 25/40 MP: 3/3
   585 | D:1      | Found a faded altar of an unknown god.
  1075 | D:2      | Reached ** piety under Trog
  1230 | D:2      | Reached XP level 4. HP: 20/49 MP: 4/4
  3075 | D:3      | Reached XP level 5. HP: 49/55 MP: 5/5
  3177 | D:4      | Splashed by a jelly's acid

Illustrated notes

Levels and vault maps discovered:
D:1:      minmay_arrival_up_and_down, layout_loops_corners,
          hellmonk_ecumenical_altar_inner_sanctum
D:2:      layout_basic
D:3:      minmay_roachtagon, layout_basic
D:4:      layout_rooms, minmay_temple_entry_nine_rooms, serial_shops,
          nicolae_inconvenience_store, serial_bayou_lagoon_a,
          amcnicky_mini_pool_small

Skill      XL: |  1  2  3  4 |
---------------+-------------+-----
Dodging        | 3 4 |  4.1
Axes           | 4 |  4.1
Fighting       | |  4.9
Stealth        | |  0.3

Action                   |  1- 3 |  4- 6 || total
-------------------------+-------+-------++-------
Melee: Hand axe          |   102 |    76 ||   178
  Use: Scroll            |       |     3 ||     3
Armor: Animal skin       |    46 |    24 ||    70
Dodge: Dodged            |    77 |    46 ||   123
       Repelled          |       |     1 ||     1

Table legend: (Time is in decaauts)
 A = Elapsed time spent in this place.
 B = Non-inter-level travel time spent in this place.
 C = Inter-level travel time spent in this place.
 D = Time resting spent in this place.
 E = Time spent auto-exploring this place.
 F = Levels seen in this place.
 G = Mean time per level.
                   A        B        C        D        E       F      G
               +--------+--------+--------+--------+--------+-----+--------+
         Total |   3196 |   1787 |   1409 |      0 |   1302 |   4 |  799.0 |
       Dungeon |   3196 |   1787 |   1409 |      0 |   1302 |   4 |  799.0 |
               +--------+--------+--------+--------+--------+-----+--------+

Top non-repeatable levels by time:
     D:3: 1268 daAuts
     D:1: 1027 daAuts
     D:2: 853 daAuts
     D:4: 47 daAuts
